Map: Arctic Dream LE

Players

Punisher

  • Race: Protoss Protoss
  • League: Platinum
  • Spawn Location: 6:00

barzacampeon

  • Race: Terran Terran
  • Spawn Location: 5:00

qqq - Winner!

  • Race: Protoss Protoss
  • Spawn Location: 12:00

Massa - Winner!

  • Race: Terran Terran
  • League: Gold
  • Spawn Location: 11:00

VOD

Have the link to the VOD?

Description

Time

  • Played on: July 16, 2020, 1:01 p.m.
  • Length: 8:11
Show
View Real Time Build Order
Export as new Build Order

Punisher Protoss 

Build Orders:  

Get SALT Encoding   

  12  0:01  Probe  
  13  0:16  Pylon  
  13  0:19  Probe  
  14  0:31  Probe  
  15  0:38  Gateway  
  15  0:46  Probe  
  16  0:52  Assimilator  
  16  1:03  Assimilator  
  16  1:05  Probe  
  17  1:17  Pylon  
  17  1:18  Probe  
  18  1:37  Gateway  
  18  1:38  Cybernetics Core  
  18  1:44  Probe  
  18  2:13  Forge  
  18  2:16  Stalker  
  18  2:21  Gateway  
  19  2:42  Stalker  
  20  3:01  Photon Cannon  
  17  3:50  Nexus  
  17  4:00  Pylon  
  17  5:16  Gateway  
  17  5:53  Assimilator  
  17  6:04  Cybernetics Core  
  17  6:10  Pylon  
  17  6:38  Probe  
  18  6:43  Stargate  
  18  6:49  Assimilator  
  19  7:01  Probe  
  19  7:13  Probe  
  20  7:17  Stargate  
  20  7:25  Probe  
  21  7:37  Probe  
  22  7:49  Probe  
Show
View Real Time Build Order
Export as new Build Order

barzacampeon Terran 

Build Orders:  

Get SALT Encoding   

  12  0:03  SCV  
  13  0:15  SCV  
  14  0:26  Supply Depot  
  14  0:28  SCV  
  15  0:29  Refinery  
  15  0:48  Barracks  
  15  0:50  SCV  
  16  1:02  SCV  
  17  1:05  Barracks  
  17  1:15  Supply Depot  
  17  1:24  SCV  
  18  1:35  Barracks Reactor  
  18  1:36  SCV  
  19  1:48  SCV  
  19  1:51  Barracks Tech Lab  
  20  2:01  Factory  
  20  2:08  Supply Depot  
  20  2:20  Marine x2  
  20  2:21  Bunker, Marine  
  22  2:38  Marine x2  
  24  2:48  Marine  
  25  2:56  Marine x2  
  25  2:57  Siege Tank  
  30  2:59  SCV  
  31  3:06  Marine  
  31  3:11  SCV  
  33  3:13  Marine  
  33  3:15  Bunker  
  33  3:16  Marine  
  35  3:23  SCV, Marine  
  35  3:25  Supply Depot  
  36  3:31  Marine  
  37  3:35  SCV  
  38  3:42  Marine  
  38  3:46  Marine  
  38  3:47  SCV  
  41  3:49  Marine  
  42  4:00  Marine  
  43  4:03  Orbital Command  
  43  4:04  Marine  
  43  4:07  Marine  
  45  4:10  Supply Depot  
  45  4:17  Siege Tank  
  47  4:18  Marine  
  47  4:22  Marine  
  43  4:35  Marine  
  43  4:36  Marine  
  45  4:40  Marine  
  45  4:43  Barracks  
  46  4:49  Siege Tank  
  49  4:53  Marine  
  50  5:08  Barracks Tech Lab  
  50  5:09  Starport  
  49  5:55  Marine x4  
  30  6:12  Medivac  
  30  6:13  Marine x3  
  30  6:14  Marauder  
  37  6:21  Refinery  
  37  6:30  Marine, Engineering Bay  
  37  6:31  Marine x2  
  40  6:35  Marauder  
  42  6:48  Marine x2  
  42  6:49  Marine  
  33  6:56  Marine  
  29  7:06  Marine x3  
  25  7:14  Marine  
  9  7:24  Marine x2  
  10  7:31  Marine x2  
  9  7:42  Marine  
  9  7:49  Marine x2  
Show
View Real Time Build Order
Export as new Build Order

qqq Protoss - Winner!

Build Orders: Cannon Rush 

Get SALT Encoding   

  12  0:02  Probe  
  13  0:19  Probe  
  14  0:21  Pylon  
  14  0:32  Probe  
  15  0:41  Forge  
  15  0:44  Probe  
  16  1:14  Pylon x2  
  16  1:32  Photon Cannon  
  16  1:34  Photon Cannon  
  16  1:39  Pylon  
  16  1:59  Photon Cannon  
  16  2:06  Photon Cannon  
  16  2:10  Pylon  
  16  2:29  Photon Cannon  
  16  2:31  Photon Cannon  
  16  2:58  Probe  
  16  3:02  Nexus  
  17  3:11  Probe  
  18  3:17  Photon Cannon  
  18  3:20  Pylon  
  18  3:47  Pylon  
  18  3:56  Probe, Gateway  
  18  4:00  Photon Cannon  
  19  4:05  Assimilator  
  19  4:08  Probe  
  20  4:10  Assimilator  
  20  4:20  Probe  
  21  4:32  Probe  
  21  4:35  Probe  
  23  4:45  Probe  
  24  4:48  Probe  
  25  4:57  Probe  
  26  5:00  Probe  
  27  5:12  Probe  
  28  5:15  Pylon, Cybernetics Core  
  28  5:18  Pylon  
  28  5:24  Probe  
  29  5:36  Probe  
  28  5:48  Probe  
  31  5:57  Photon Cannon  
  31  5:58  Photon Cannon  
  31  6:00  Probe, Photon Cannon  
  31  6:01  Shield Battery  
  31  6:03  Photon Cannon  
  32  6:07  Pylon  
  32  6:23  Pylon  
  32  6:25  Zealot  
  32  6:42  Probe  
  32  6:45  Stargate  
  33  6:47  Stargate  
  33  6:52  Stalker  
  33  6:53  Assimilator  
  35  6:54  Probe  
  35  6:55  Assimilator  
  36  7:06  Probe  
  37  7:18  Probe  
  38  7:30  Probe, Phoenix  
  38  7:31  Phoenix  
  43  7:40  Twilight Council  
  43  7:42  Probe  
  44  7:48  Fleet Beacon  
  46  7:55  Probe, Nexus  
  47  7:59  Pylon  
Show
View Real Time Build Order
Export as new Build Order

Massa Terran - Winner!

Build Orders:  

Get SALT Encoding   

  12  0:02  SCV  
  13  0:18  SCV, Supply Depot  
  14  0:30  SCV  
  15  0:42  SCV, Barracks  
  16  0:48  Refinery  
  16  0:54  SCV  
  17  1:03  Barracks  
  17  1:07  SCV  
  18  1:19  SCV  
  19  1:27  Barracks  
  19  1:31  SCV  
  21  1:32  Reaper  
  21  1:41  Supply Depot  
  21  1:52  Barracks Tech Lab  
  21  1:56  Barracks  
  22  2:07  Marine  
  22  2:12  Marauder  
  24  2:19  Orbital Command  
  24  2:25  Marine  
  25  2:33  Marauder  
  26  2:55  Marauder  
  28  3:05  Marine x3  
  30  3:08  Command Center  
  30  3:25  Marine  
  31  3:36  Supply Depot  
  31  3:50  Marine  
  31  3:51  Marauder  
  31  3:52  Marine  
  30  3:57  Marine  
  31  4:07  Marine  
  32  4:10  Marine  
  32  4:13  Marauder  
  32  4:15  Marine  
  36  4:25  Marine  
  36  4:28  Marine  
  32  4:33  Marine  
  32  4:34  Marauder  
  32  4:36  Stimpack  
  35  4:38  SCV  
  35  4:39  SCV  
  35  4:43  Marine  
  38  4:46  Marine  
  38  4:50  SCV  
  38  4:51  SCV, Marine  
  42  4:56  Marauder  
  44  5:02  Barracks Tech Lab  
  44  5:03  SCV  
  44  5:04  Marine  
  46  5:09  Marine  
  46  5:12  Refinery  
  47  5:17  Marauder  
  47  5:18  SCV, Supply Depot  
  47  5:19  SCV  
  51  5:21  Marine  
  51  5:25  Marauder  
  54  5:39  Marine x2  
  54  5:40  SCV x2, Marauder  
  54  5:41  Supply Depot  
  60  5:44  Factory  
  60  5:46  Marauder  
  62  5:57  Concussive Shells  
  62  6:02  Marine  
  62  6:03  Marauder  
  61  6:14  Marauder, Marine  
  64  6:20  Marine  
  64  6:24  Marauder  
  67  6:26  SCV x2  
  67  6:27  Command Center  
  67  6:31  Marine  
  70  6:34  Factory Tech Lab  
  70  6:38  Supply Depot  
  70  6:42  Supply Depot  
  70  6:44  Supply Depot  
  70  6:47  Marine  
  70  6:48  SCV  
  70  6:49  Marine  
  70  6:50  Marauder  
  70  6:52  Marauder  
  55  7:16  Siege Tank  
  56  7:40  Marauder x2  
  56  7:41  Marine x2  
  62  7:45  SCV x3  
  64  7:57  SCV  
  64  7:58  SCV x2  
Tags
 
Add a new tag
Caveats
  • Supply blocks, unpowered buildings, or Contaminate may cause inaccurate times.
  • Supply counts are checked every 10 seconds.